cohdb
Replays
Latest Replays
All Replays
Popular Replays
Top Player Replays
Match Explorer
How It Works
Community
CoH3 Stats
Reddit
Sign in to upload your games and track your stats! →
Sign in with Steam
Match 46090078
Unlisted
Match 46090078
Overview
Messages
Build Orders
End
Scout Squad
Construct Barracks
1⁄4-ton 4x4 Truck
Riflemen Squad
Selects Armored Battlegroup
Selects Veteran Crews
Riflemen Squad
Riflemen Squad
Infantry Support Center
Construct Weapon Support Center
Bazooka Squad
Construct Medical Station
Selects Fast Deploy
M3 Armored Personnel Carrier
stmodst
Nostalgi@
0
0
Comments
sign in to comment!
No comments posted yet!